 Dungeon Sprint DCSS version 0.22-a0-224-g8cf3520 (webtiles) character file.

9375 Ghella the Imperceptible (level 11, -5/49 HPs)
             Began as a Spriggan Enchanter on Feb 19, 2018.
             Was an Elder of Dithmenos.
             Slain by a demonic crawler (11 damage)
             ... in the Dungeon (Sprint IV: "Fedhas' Mad Dash").
             The game lasted 00:09:14 (3157 turns).

Ghella the Imperceptible (Spriggan Enchanter)       Turns: 3157, Time: 00:09:15

Health: -5/49      AC:  3    Str:  7    XL:     11   Next: 22%
Magic:  23/26      EV: 24    Int: 16    God:    Dithmenos [****..]
Gold:   42         SH:  6    Dex: 21    Spells: 23/31 levels left

rFire    . . .     SeeInvis +   a - +1 dagger
rCold    x . .     Gourm    .   o - +0 buckler of Hedonism {+Inv rPois rC- rN+}
rNeg     + . .     Faith    .   b - +0 robe
rPois    +         Spirit   .   (helmet restricted)
rElec    .         Reflect  .   (no cloak)
rCorr    .         Harm     .   (gloves unavailable)
MR       +....     NoTele   +   (boots unavailable)
Stlth    ++++++++++             h - amulet of invisibility {+Inv}
HPRegen  0.16/turn              m - ring of Ylick {AC+1 Str+3 Stlth+}
MPRegen  0.20/turn              (no ring)

@: very slightly contaminated, hasted, wreathed by umbra, very quick
A: very small, unfitting armour, see invisible, herbivore, speed 3, slow
metabolism 2
a: Shadow Step, Renounce Religion, Evoke Invisibility


You were in the Dungeon.
You worshipped Dithmenos.
Dithmenos was greatly pleased with you.
You were near starving.

You visited 1 branch You collected 252 gold pieces.
You spent 210 gold pieces at shops.

Inventory:

Hand Weapons
 a - a +1 dagger (weapon)
 n - a +0 lajatang of electrocution
Armour
 b - a +0 robe (worn)
 o - the +0 buckler of Hedonism (worn) {+Inv rPois rC- rN+}
   (You found it in the Dungeon)

   It makes you vulnerable to cold.
   It protects you from poison.
   It protects you from negative energy.
   It lets you turn invisible.
Jewellery
 h - the amulet of invisibility (around neck) {+Inv}
   (You found it in the Dungeon)

   [amulet of nothing]

   It lets you turn invisible.
 m - the ring of Ylick (left hand) {AC+1 Str+3 Stlth+}
   (You bought it in a shop in the Dungeon)

   [ring of protection]

   It affects your AC (+1).
   It affects your strength (+3).
   It makes you more stealthy.
Scrolls
 j - a scroll of identify {unknown}
 k - a scroll of random uselessness {unknown}
Potions
 c - a potion of berserk rage
 g - a potion of magic
Miscellaneous
 l - 2 boxes of beasts


   Skills:
 + Level 1.5 Fighting
 + Level 8.1 Short Blades
 + Level 7.9 Dodging
 + Level 24.0 Stealth
 + Level 10.6 Spellcasting
 + Level 13.0 Hexes
 + Level 6.6 Invocations
 + Level 15.3 Evocations


You had 23 spell levels left.
You knew the following spells:

 Your Spells              Type           Power        Failure   Level  Hunger
a - Corona                Hex            ######.      1%          1    None
b - Confuse               Hex            ######..     1%          3    None
c - Ensorcelled Hibernat  Hex/Ice        ####..       1%          2    None
d - Blink                 Tloc           N/A          22%         2    None


Dungeon Overview and Level Annotations

Branches:
Dungeon (1/1)

Altars:
Cheibriados
Dithmenos
Elyvilon
Gozag
Hepliaklqana
Kikubaaqudgha
Makhleb
Nemelex Xobeh
Okawaru
Qazlal
Ru
Sif Muna
Trog
Uskayaw
Vehumet
Wu Jian
Xom
Yredelemnul
Zin
The Shining One
Beogh
Jiyva
Lugonu

Shops:
D :%*[**=:


Innate Abilities, Weirdness & Mutations

You are very small and have problems with some larger weapons.
You are too small for most types of armour.
You have supernaturally acute eyesight. (SInv)
You are a herbivore.
You cover ground extremely quickly.
You need consume almost no food.


Message History

* * * LOW HITPOINT WARNING * * *
You feel much better.
You feel sick. The hornet barely misses you. The demonic crawler hits you!
The demonic crawler completely misses you.
The demonic crawler hits you!
* * * LOW HITPOINT WARNING * * *
* * * LOW HITPOINT WARNING * * *
You feel sick. You block the hornet's attack.
The demonic crawler barely misses you.
The demonic crawler completely misses you.
The demonic crawler barely misses you.
You feel better. The hornet closely misses you.
The demonic crawler completely misses you.
The demonic crawler barely misses you.
The demonic crawler completely misses you.
You feel yourself speed up. The hornet closely misses you.
The demonic crawler hits you!
* * * LOW HITPOINT WARNING * * *
The demonic crawler hits you!
You die...

♣........'...#)_._._._._.⌠.######
...♣.....#...###################.
..♣..♣..######♣♣♣♣♣..♣[###.'..'..
###'######..'......♣..♣##..#..#.P
....'.......#♣..♣♣♣.♣).###.##'##.
..###.......#.♣♣.(♣...♣'...#♣.♣##
############################.....
...................# ###..♣..♣.
...............s@P.#####.).♣.....
.........P.....y)P..........♣.[..
.................P...############
#######+##############


You could see a demonic crawler, a hornet and an active ballistomycete.

Vanquished Creatures
  Agnes (D)
  A spriggan defender (D)
  A spriggan berserker (D)
  A spriggan druid (D)
  6 oklob plants (D)
  3 wandering mushrooms (D)
  A demonic crawler (D)
  3 burning bushes (D)
  A queen bee (D)
  2 hornets (D)
  2 scorpions (D)
  4 killer bees (D)
  5 oklob saplings (D)
  A worker ant (D)
  7 spriggans (D)
  A river rat (D)
  A rat (D)
  A ballistomycete (D)
  A ballistomycete spore (D)
43 creatures vanquished.

Vanquished Creatures (others)
  A ballistomycete spore (D)
1 creature vanquished.

Grand Total: 44 creatures vanquished

Notes
Turn   | Place    | Note
-------+----------+-------------------------------------------
     0 | D        | Ghella the Spriggan Enchanter began the quest for the Orb.
     0 | D        | Reached XP level 1. HP: 9/9 MP: 5/5
    13 | D        | Reached skill level 5 in Stealth
    13 | D        | Reached XP level 2. HP: 13/13 MP: 7/7
   243 | D        | Noticed an oklob sapling
   245 | D        | Killed an oklob sapling
   245 | D        | Reached skill level 7 in Stealth
   245 | D        | Reached XP level 3. HP: 16/16 MP: 7/9
   248 | D        | Found the amulet of invisibility {+Inv}
   269 | D        | Found an opulent altar of Gozag.
   269 | D        | Found a hazy altar of Hepliaklqana.
   269 | D        | Found a burning altar of Makhleb.
   269 | D        | Found a roughly hewn altar of Beogh.
   269 | D        | Found a sparkling altar of Nemelex Xobeh.
   269 | D        | Found a snail-covered altar of Cheibriados.
   269 | D        | Found a sacrificial altar of Ru.
   269 | D        | Found a deep blue altar of Sif Muna.
   269 | D        | Found a shimmering altar of Xom.
   269 | D        | Found a basalt altar of Yredelemnul.
   275 | D        | Found a viscous altar of Jiyva.
   275 | D        | Found a bloodstained altar of Trog.
   275 | D        | Found an ornate altar of the Wu Jian Council.
   275 | D        | Noticed an oklob sapling priest
   276 | D        | Found an iron altar of Okawaru.
   276 | D        | Found a shadowy altar of Dithmenos.
   276 | D        | Found a glowing silver altar of Zin.
   277 | D        | Found an ancient bone altar of Kikubaaqudgha.
   277 | D        | Found a hide-covered altar of Uskayaw.
   278 | D        | Found a stormy altar of Qazlal.
   278 | D        | Found a white marble altar of Elyvilon.
   278 | D        | Found a glowing golden altar of the Shining One.
   279 | D        | Found a corrupted altar of Lugonu.
   279 | D        | Found a radiant altar of Vehumet.
   284 | D        | Killed an oklob sapling priest
   284 | D        | Reached skill level 5 in Dodging
   284 | D        | Reached skill level 9 in Stealth
   284 | D        | Reached skill level 5 in Spellcasting
   284 | D        | Reached skill level 1 in Evocations
   284 | D        | Reached XP level 4. HP: 21/21 MP: 8/12
   294 | D        | Became a worshipper of Dithmenos the Shadowed
   324 | D        | Reached XP level 5. HP: 24/24 MP: 10/13
   633 | D        | Noticed a queen bee
   640 | D        | Killed a queen bee
   640 | D        | Reached skill level 12 in Stealth
   640 | D        | Reached skill level 10 in Hexes
   640 | D        | Reached XP level 6. HP: 28/28 MP: 13/16
   945 | D        | Reached * piety under Dithmenos
   945 | D        | Reached skill level 5 in Evocations
   952 | D        | Reached skill level 13 in Stealth
   960 | D        | Reached ** piety under Dithmenos
   960 | D        | Reached XP level 7. HP: 31/32 MP: 18/18
  1120 | D        | Reached skill level 14 in Stealth
  1145 | D        | Learned a level 3 spell: Confuse
  1189 | D        | Learned a level 2 spell: Ensorcelled Hibernation
  1189 | D        | Found Qutrek's Food Shop.
  1189 | D        | Found Golusch's Book Emporium.
  1198 | D        | Noticed a burning bush
  1198 | D        | Noticed a wandering mushroom
  1199 | D        | Noticed a wandering mushroom
  1207 | D        | Killed a wandering mushroom
  1207 | D        | Reached skill level 15 in Stealth
  1571 | D        | Killed a burning bush
  1571 | D        | Reached skill level 1 in Fighting
  1571 | D        | Reached skill level 16 in Stealth
  1571 | D        | Reached skill level 1 in Invocations
  1571 | D        | Reached XP level 8. HP: 37/37 MP: 15/20
  1573 | D        | Killed a wandering mushroom
  1580 | D        | Found Futy's General Store.
  1581 | D        | Found Diumm's General Store.
  1762 | D        | Noticed a burning bush
  1768 | D        | Killed a burning bush
  1768 | D        | Reached *** piety under Dithmenos
  1768 | D        | Reached skill level 5 in Short Blades
  1783 | D        | Noticed a burning bush
  1783 | D        | Noticed an oklob plant
  1785 | D        | Noticed a wandering mushroom
  1786 | D        | Killed a burning bush
  1786 | D        | Reached skill level 17 in Stealth
  1786 | D        | Reached skill level 10 in Evocations
  1788 | D        | Killed an oklob plant
  1788 | D        | Reached XP level 9. HP: 41/41 MP: 10/23
  1794 | D        | Killed a wandering mushroom
  1794 | D        | Reached skill level 18 in Stealth
  2004 | D        | Noticed a spriggan druid
  2006 | D        | Killed a spriggan druid
  2022 | D        | Noticed an oklob plant conjurer
  2024 | D        | Killed an oklob plant conjurer
  2024 | D        | Reached skill level 19 in Stealth
  2036 | D        | Learned a level 2 spell: Blink
  2326 | D        | Noticed an oklob plant
  2326 | D        | Noticed an oklob plant summoner
  2327 | D        | Noticed an oklob plant shifter
  2329 | D        | Killed an oklob plant
  2329 | D        | Reached skill level 10 in Spellcasting
  2331 | D        | Killed an oklob plant summoner
  2333 | D        | Killed an oklob plant shifter
  2333 | D        | Reached skill level 20 in Stealth
  2333 | D        | Reached XP level 10. HP: 46/46 MP: 10/25
  2507 | D        | Noticed a spriggan rider
  2508 | D        | Found Efopott's Book Shoppe.
  2508 | D        | Found Dici's Jewellery Emporium.
  2514 | D        | Reached **** piety under Dithmenos
  2528 | D        | Bought the ring of Ylick {AC+1 Str+3 Stlth+} for 210 gold pieces
  2955 | D        | Noticed an oklob plant
  2961 | D        | Killed an oklob plant
  2961 | D        | Reached skill level 21 in Stealth
  2961 | D        | Reached skill level 5 in Invocations
  3005 | D        | Noticed Agnes
  3007 | D        | Found Oqyr's General Store.
  3007 | D        | Noticed a spriggan berserker
  3008 | D        | Found Teduck's Antique Armour Shoppe.
  3009 | D        | Killed Agnes
  3009 | D        | Reached skill level 22 in Stealth
  3016 | D        | Killed a spriggan berserker
  3019 | D        | Noticed a spriggan rider
  3030 | D        | Noticed a spriggan defender
  3035 | D        | Killed a spriggan defender
  3035 | D        | Reached skill level 23 in Stealth
  3035 | D        | Reached skill level 15 in Evocations
  3035 | D        | Reached XP level 11. HP: 49/49 MP: 20/26
  3038 | D        | Got an ancient buckler
  3044 | D        | Identified the +0 buckler of Hedonism {+Inv rPois rC- rN+} (You found it in the Dungeon)
  3065 | D        | Killed a spriggan rider
  3070 | D        | Reached skill level 24 in Stealth
  3075 | D        | Noticed a ghost moth
  3157 | D        | Slain by a demonic crawler

Vault maps used:
D:        dungeon_sprint_fedhas

Skill      XL: |  1  2  3  4  5  6  7  8  9 10 11 |
---------------+----------------------------------+-----
Stealth        | 5 7 9 12 13 16 17 20 23 24 | 24.0
Spellcasting   | 3 4 5 6 7 9 10 | 10.6
Hexes          | 4 6 7 8 10 11 12 13 | 13.0
Dodging        | 4 5 6 7 |  7.9
Evocations     | 1 4 5 8 10 12 15 | 15.3
Short Blades   | 2 4 6 7 8 |  8.1
Fighting       | 1 |  1.5
Invocations    | 1 2 4 6 |  6.6

Action                   |  1- 3 |  4- 6 |  7- 9 | 10-12 || total
-------------------------+-------+-------+-------+-------++-------
Melee: Dagger            |    10 |    12 |    51 |    16 ||    89
 Cast: Confuse           |       |       |     7 |     2 ||     9
Invok: Shadow Step       |       |       |    13 |     6 ||    19
 Abil: Evoke Invisibilit |     1 |     3 |     7 |     3 ||    14
  Use: Potion            |     1 |       |     1 |     3 ||     5
       Scroll            |       |       |       |     1 ||     1
 Stab: Sleeping          |     2 |     2 |    13 |     9 ||    26
       Invisible         |     2 |     4 |     2 |       ||     8
       Confused          |       |       |     5 |     2 ||     7
       Distracted        |       |       |       |     1 ||     1
  Eat: Ration            |       |       |     2 |       ||     2
Dodge: Dodged            |     7 |     9 |    14 |    17 ||    47
Block: Buckler           |       |       |       |     3 ||     3

Table legend:
 A = Spawn XP
 B = Non-spawn XP
 C = Spawn XP percentage of total XP
 D = Spawn monster count
 E = Non-spawn monster count
 F = Spawn count percentage of total count
 G = Total turns spent on level
                    A         B        C        D         E        F      G
               +---------+---------+-------+---------+---------+-------+---------
         Total |       0 |   13394 |   0.0 |       0 |      41 |   0.0 |  3157
               +---------+---------+-------+---------+---------+-------+---------
             D |       0 |   13394 |   0.0 |       0 |      41 |   0.0 |  3157
               +---------+---------+-------+---------+---------+-------+---------
